NYP
VANCOUVER CANADIANS @ MAHONING VALLEY SCRAPPERS
05/13/2044
 
TOP OF THE 1ST
Vancouver Canadians batting - Pitching for Mahoning Valley Scrappers : RHP Jeff Degel
Pitching: RHP Jeff Degel
Batting: LHB Tatsuyuki Yamada 0-0: Called Strike
0-1: Ball
1-1: Swinging Strike
1-2: Foul Ball, location: 2F
1-2: Ball
2-2: Strikes out swinging
Batting: LHB Sumiki Okuhara 0-0: Foul Ball, location: 2F
0-1: Ball
1-1: Foul Ball, location: 2F
1-2: Ball
2-2: Foul Ball, location: 2F
2-2: Strikes out looking
Batting: RHB Carlos Ramirez 0-0: Foul Ball, location: 2F
0-1: Ball
1-1: TRIPLE (Flyball, 78XD, EV 91.9 MPH)
Batting: RHB Dylan Phillips 0-0: Ball
1-0: Ball
Wild Pitch!
Carlos Ramirez scores
2-0: Ball
3-0: Called Strike
3-1: Base on Balls
Batting: RHB Brian Manson 0-0: Ball
Dylan Phillips steals 2nd base (no throw)
1-0: Fly out, F8 (Flyball, 8LS, EV 84.4 MPH)
Top of the 1st over - 1 run, 1 hit, 0 errors, 1 left on base; Vancouver 1 - Mahoning Valley 0
BOTTOM OF THE 1ST
Mahoning Valley Scrappers batting - Pitching for Vancouver Canadians : RHP Omar Torres
Pitching: RHP Omar Torres
Batting: RHB Ricky Cordova 0-0: Ball
1-0: Foul Ball, location: 2F
1-1: Ground out 6-3 (Groundball, 6, EV 81.9 MPH)
Batting: RHB Juan Padilla 0-0: Called Strike
0-1: Ground out 5-3 (Groundball, 56S, EV 83.8 MPH)
Batting: RHB Ryan Gautney 0-0: DOUBLE (Flyball, 8LD, EV 101.9 MPH)
Batting: SHB Joe Zeiset 0-0: Ball
1-0: Ball
2-0: Called Strike
2-1: Foul Ball, location: 2F
2-2: Ball
3-2: Foul Ball, location: 2F
3-2: Foul Ball, location: 2F
3-2: Ground out 4-3 (Groundball, 34D, EV 88.8 MPH)
Bottom of the 1st over - 0 runs, 1 hit, 0 errors, 1 left on base; Vancouver 1 - Mahoning Valley 0
TOP OF THE 2ND
Vancouver Canadians batting - Pitching for Mahoning Valley Scrappers : RHP Jeff Degel
Batting: RHB Elliot Manfredini 0-0: Called Strike
0-1: Foul Ball, location: 2F
0-2: Foul Ball, location: 2F
0-2: Ball
1-2: Ball
2-2: Foul Ball, location: 2F
2-2: Ball
3-2: Foul Ball, location: 2F
3-2: SINGLE (Flyball, 89S, EV 83.8 MPH)
Batting: RHB Takanibu Kaneshiro 0-0: Foul Ball, location: 2F
0-1: Ball
1-1: Ball
2-1: Fly out, F6 (Popup, 4M, EV 56.9 MPH)
Batting: RHB Carlos Renteria 0-0: Ball
Elliot Manfredini steals 2nd base
1-0: Foul Ball, location: 2F
1-1: Called Strike
1-2: Ball
2-2: Fly out, F9 (Flyball, 9LD, EV 83.8 MPH)
Runner from 2nd tags up, SAFE at 3rd, no throw by RF
Batting: LHB Edgar Castillo 0-0: Called Strike
0-1: Ball
1-1: Swinging Strike
1-2: SINGLE (Flyball, 7LS, EV 93.8 MPH)
Elliot Manfredini scores
Batting: LHB Tatsuyuki Yamada 0-0: Called Strike
0-1: Ball
Edgar Castillo steals 2nd base
1-1: Swinging Strike
1-2: Ball
2-2: Ball
3-2: SINGLE (Line Drive, 7LM, EV 92.5 MPH)
Edgar Castillo to third
Runner from 3rd tries for Home, SAFE, throw by LF to home
Batting: LHB Sumiki Okuhara 0-0: Ball
Tatsuyuki Yamada is caught stealing 2nd base 2-6
Top of the 2nd over - 2 runs, 3 hits, 0 errors, 0 left on base; Vancouver 3 - Mahoning Valley 0
BOTTOM OF THE 2ND
Mahoning Valley Scrappers batting - Pitching for Vancouver Canadians : RHP Omar Torres
Batting: LHB Devon Grant 0-0: Called Strike
0-1: Foul Ball, location: 2F
0-2: Ball
1-2: Ground out 4-3 (Groundball, 4, EV 86.3 MPH)
Batting: RHB Andy Lewis 0-0: Swinging Strike
0-1: SINGLE (Line Drive, 56D, EV 106.9 MPH)
Batting: RHB Willie Gonzales 0-0: Called Strike
0-1: Ball
1-1: Fly out, F8 (Line Drive, 89D, EV 103.1 MPH)
Batting: RHB Gashie Chimsima 0-0: Ball
Andy Lewis is caught stealing 2nd base 2-4
Bottom of the 2nd over - 0 runs, 1 hit, 0 errors, 0 left on base; Vancouver 3 - Mahoning Valley 0
TOP OF THE 3RD
Vancouver Canadians batting - Pitching for Mahoning Valley Scrappers : RHP Jeff Degel
Batting: LHB Sumiki Okuhara 0-0: Called Strike
0-1: Foul Ball, location: 2F
0-2: Ground out 6-3 (Groundball, 6MS, EV 69.4 MPH)
Batting: RHB Carlos Ramirez 0-0: Swinging Strike
0-1: SINGLE (Line Drive, 8RS, EV 107.5 MPH)
Batting: RHB Dylan Phillips 0-0: Ball
1-0: Ball
2-0: Ball
3-0: Called Strike
3-1: Fly out, F5 (Line Drive, 5, EV 75.0 MPH)
Batting: RHB Brian Manson 0-0: Ball
Carlos Ramirez steals 2nd base (no throw)
1-0: Foul Ball, location: 2F
1-1: Ball
2-1: Fly out, F7 (Flyball, 78D, EV 103.1 MPH)
Top of the 3rd over - 0 runs, 1 hit, 0 errors, 1 left on base; Vancouver 3 - Mahoning Valley 0
BOTTOM OF THE 3RD
Mahoning Valley Scrappers batting - Pitching for Vancouver Canadians : RHP Omar Torres
Batting: RHB Gashie Chimsima 0-0: Foul Ball, location: 2F
0-1: Called Strike
0-2: Foul Ball, location: 2F
0-2: Ball
1-2: Foul Ball, location: 2F
1-2: Foul Ball, location: 2F
1-2: Strikes out swinging
Batting: LHB Tom Bemis 0-0: Called Strike
0-1: Ball
1-1: Foul Ball, location: 2F
1-2: Foul Ball, location: 2F
1-2: Ball
2-2: Strikes out looking
Batting: RHB Ricky Cordova 0-0: Foul Ball, location: 2F
0-1: Ball
1-1: Ground out 6-3 (Groundball, 6, EV 86.3 MPH)
Bottom of the 3rd over - 0 runs, 0 hits, 0 errors, 0 left on base; Vancouver 3 - Mahoning Valley 0
TOP OF THE 4TH
Vancouver Canadians batting - Pitching for Mahoning Valley Scrappers : RHP Jeff Degel
Batting: RHB Elliot Manfredini 0-0: Ball
1-0: Ball
2-0: Ball
3-0: Base on Balls
Batting: RHB Takanibu Kaneshiro 0-0: Called Strike
0-1: Ball
1-1: Called Strike
1-2: Ball
Wild Pitch!
Elliot Manfredini to second
2-2: Foul Ball, location: 2F
2-2: Foul Ball, location: 2F
2-2: Ball
3-2: Base on Balls
Pitching: RHP Mario del Rio
Batting: RHB Carlos Renteria 0-0: Ball
1-0: Foul Ball, location: 2F
1-1: Ball
2-1: SINGLE (Groundball, 25, EV 68.8 MPH) (infield hit)
Elliot Manfredini to third
Takanibu Kaneshiro to second
Batting: LHB Edgar Castillo 0-0: Called Strike
0-1: Grounds into fielders choice U2 (Groundball, 2L, EV 69.4 MPH)
Takanibu Kaneshiro to third
Carlos Renteria to second
Batting: LHB Tatsuyuki Yamada 0-0: Ball
1-0: Fielders Choice at 2nd, 3-6 (Groundball, 3, EV 88.1 MPH)
Takanibu Kaneshiro scores
Carlos Renteria to third
Batting: LHB Sumiki Okuhara 0-0: Ball
1-0: Ball
2-0: Ball
3-0: Called Strike
3-1: Called Strike
3-2: Base on Balls
Tatsuyuki Yamada to second
Batting: RHB Carlos Ramirez 0-0: Ball
1-0: Foul Ball, location: 2F
1-1: Ball
2-1: Called Strike
2-2: Ball
3-2: DOUBLE (Line Drive, 7LS, EV 94.4 MPH)
Carlos Renteria scores
Tatsuyuki Yamada scores
Sumiki Okuhara to third
Sumiki Okuhara scores
Batting: RHB Dylan Phillips 0-0: Foul Ball, location: 2F
0-1: Ball
1-1: Ground out 5-3 (Groundball, 56S, EV 83.8 MPH)
Top of the 4th over - 4 runs, 2 hits, 0 errors, 1 left on base; Vancouver 7 - Mahoning Valley 0
BOTTOM OF THE 4TH
Mahoning Valley Scrappers batting - Pitching for Vancouver Canadians : RHP Omar Torres
Batting: RHB Juan Padilla 0-0: Foul Ball, location: 2F
0-1: Foul Ball, location: 2F
0-2: Strikes out swinging
Batting: RHB Ryan Gautney 0-0: Ball
1-0: Called Strike
1-1: Swinging Strike
1-2: DOUBLE (Groundball, 5L, EV 100.0 MPH)
Batting: SHB Joe Zeiset 0-0: Foul Ball, location: 2F
0-1: Ground out U3 (Groundball, 3, EV 90.0 MPH)
Ryan Gautney to third
Batting: LHB Devon Grant 0-0: Called Strike
0-1: Ball
1-1: Ball
2-1: Foul Ball, location: 2F
2-2: Foul Ball, location: 2F
2-2: Strikes out swinging
Bottom of the 4th over - 0 runs, 1 hit, 0 errors, 1 left on base; Vancouver 7 - Mahoning Valley 0
TOP OF THE 5TH
Vancouver Canadians batting - Pitching for Mahoning Valley Scrappers : RHP Mario del Rio
Batting: RHB Brian Manson 0-0: Ball
1-0: Called Strike
1-1: Called Strike
1-2: Ball
2-2: Foul Ball, location: 2F
2-2: Ball
3-2: Foul Ball, location: 2F
3-2: Foul Ball, location: 2F
3-2: Ground out 6-3 (Groundball, 6, EV 80.6 MPH)
Batting: RHB Elliot Manfredini 0-0: Called Strike
0-1: Ground out 1-3 (Groundball, 13S, EV 74.4 MPH)
Batting: RHB Takanibu Kaneshiro 0-0: Called Strike
0-1: Swinging Strike
0-2: Ball
1-2: Foul Ball, location: 2F
1-2: Strikes out swinging
Top of the 5th over - 0 runs, 0 hits, 0 errors, 0 left on base; Vancouver 7 - Mahoning Valley 0
BOTTOM OF THE 5TH
Mahoning Valley Scrappers batting - Pitching for Vancouver Canadians : RHP Omar Torres
Batting: RHB Andy Lewis 0-0: SINGLE (Groundball, 34, EV 108.1 MPH) (infield hit)
Batting: RHB Willie Gonzales 0-0: Ball
1-0: Called Strike
1-1: Foul Ball, location: 2F
1-2: Strikes out looking
Batting: RHB Gashie Chimsima 0-0: Called Strike
0-1: Fly out, F3 (Line Drive, 3, EV 63.8 MPH)
Batting: LHB Tom Bemis 0-0: Called Strike
Andy Lewis steals 2nd base (no throw)
0-1: Swinging Strike
0-2: Foul Ball, location: 2F
0-2: Ball
1-2: Ball
2-2: Strikes out looking
Bottom of the 5th over - 0 runs, 1 hit, 0 errors, 1 left on base; Vancouver 7 - Mahoning Valley 0
TOP OF THE 6TH
Vancouver Canadians batting - Pitching for Mahoning Valley Scrappers : RHP Mario del Rio
Batting: RHB Carlos Renteria 0-0: SINGLE (Groundball, 34D, EV 97.5 MPH)
Batting: LHB Edgar Castillo 0-0: Ball
1-0: Ball
2-0: Ball
3-0: Called Strike
3-1: Base on Balls
Carlos Renteria to second
Batting: LHB Tatsuyuki Yamada 0-0: Ball
1-0: Swinging Strike
1-1: Foul Ball, location: 2F
1-2: Strikes out swinging
Batting: LHB Sumiki Okuhara 0-0: Ball
1-0: Ball
2-0: Called Strike
2-1: Fly out, F9 (Flyball, 9LD, EV 111.3 MPH)
Batting: RHB Carlos Ramirez 0-0: Fly out, F6 (Popup, 6, EV 62.5 MPH)
Top of the 6th over - 0 runs, 1 hit, 0 errors, 2 left on base; Vancouver 7 - Mahoning Valley 0
BOTTOM OF THE 6TH
Mahoning Valley Scrappers batting - Pitching for Vancouver Canadians : RHP Omar Torres
Batting: RHB Ricky Cordova 0-0: Called Strike
0-1: Ball
1-1: Called Strike
1-2: Ball
2-2: Ball
3-2: Strikes out swinging
Batting: RHB Juan Padilla 0-0: Foul Ball, location: 2F
0-1: Foul Ball, location: 2F
0-2: Ball
1-2: Ball
2-2: Strikes out swinging
Batting: RHB Ryan Gautney 0-0: Called Strike
0-1: Ball
1-1: Ball
2-1: Ground out 1-3 (Groundball, 13, EV 65.0 MPH)
Bottom of the 6th over - 0 runs, 0 hits, 0 errors, 0 left on base; Vancouver 7 - Mahoning Valley 0
TOP OF THE 7TH
Vancouver Canadians batting - Pitching for Mahoning Valley Scrappers : RHP Mario del Rio
Pinch Hitting: RHB Alex Vazquez 0-0: Called Strike
0-1: Foul Ball, location: 2F
0-2: Ball
1-2: Fly out, F9 (Flyball, 9, EV 90.0 MPH)
Pinch Hitting: RHB Kyle Garrett 0-0: Called Strike
0-1: Ball
1-1: Called Strike
1-2: Ball
2-2: Ball
3-2: Foul Ball, location: 2F
3-2: Fly out, F8 (Line Drive, 8LD, EV 91.9 MPH)
Pinch Hitting: RHB Josh Swartzentruber 0-0: Ball
1-0: Called Strike
1-1: Called Strike
1-2: Ball
2-2: Foul Ball, location: 2F
2-2: Ball
3-2: SINGLE (Line Drive, 7LS, EV 92.5 MPH)
Batting: RHB Takanibu Kaneshiro 0-0: Ball
1-0: Ball
2-0: Ball
3-0: Called Strike
3-1: Base on Balls
Josh Swartzentruber to second
Pinch Hitting: RHB Bobby Valdez 0-0: Ball
1-0: Swinging Strike
1-1: Swinging Strike
1-2: Ground out 1-3 (Groundball, 13, EV 71.9 MPH)
Top of the 7th over - 0 runs, 1 hit, 0 errors, 2 left on base; Vancouver 7 - Mahoning Valley 0
BOTTOM OF THE 7TH
Mahoning Valley Scrappers batting - Pitching for Vancouver Canadians : RHP Omar Torres
Now at 2B: Bobby Valdez
Now at 3B: Josh Swartzentruber
Now at SS: Alex Vazquez
Now in CF: Sumiki Okuhara
Now in RF: Kyle Garrett
Batting: SHB Joe Zeiset 0-0: Ball
1-0: Ball
2-0: Called Strike
2-1: Foul Ball, location: 2F
2-2: Strikes out swinging
Batting: LHB Devon Grant 0-0: Called Strike
0-1: Ball
1-1: Foul Ball, location: 2F
1-2: Hit by Pitch
Pitching: RHP Jai-guo Xia
Batting: RHB Andy Lewis 0-0: Ball
1-0: Called Strike
Devon Grant is caught stealing 2nd base 2-4
1-1: Called Strike
1-2: Ball
2-2: Foul Ball, location: 2F
2-2: Ball
3-2: Strikes out looking
Bottom of the 7th over - 0 runs, 0 hits, 0 errors, 0 left on base; Vancouver 7 - Mahoning Valley 0
TOP OF THE 8TH
Vancouver Canadians batting - Pitching for Mahoning Valley Scrappers : RHP Mario del Rio
Pitching: RHP Victor Amador
Batting: LHB Edgar Castillo 0-0: Reached on error, E4 (Popup, 4S, EV 70.0 MPH)
Batting: LHB Tatsuyuki Yamada 0-0: Ball
1-0: Ball
2-0: Called Strike
2-1: Foul Ball, location: 2F
2-2: Foul Ball, location: 2F
2-2: Foul Ball, location: 2F
2-2: Ball
3-2: Base on Balls
Edgar Castillo to second
Pinch Hitting: SHB David Beauchamp 0-0: Called Strike
0-1: Called Strike
0-2: Ball
1-2: Foul Ball, location: 2F
1-2: Ball
2-2: Ball
3-2: Grounds into double play, 4-6-3 (Groundball, 4S, EV 86.9 MPH)
Edgar Castillo to third
Pinch Hitting: RHB Victor Gonzalez 0-0: Ball
1-0: Ball
2-0: Called Strike
2-1: Swinging Strike
2-2: Strikes out swinging
Top of the 8th over - 0 runs, 0 hits, 1 error, 1 left on base; Vancouver 7 - Mahoning Valley 0
BOTTOM OF THE 8TH
Mahoning Valley Scrappers batting - Pitching for Vancouver Canadians : RHP Jai-guo Xia
Now at 1B: Alex Vazquez
Now at SS: Larry Prey
Now in LF: David Beauchamp
Now in CF: Edgar Castillo
Pinch Hitting: RHB Tetsuhiro Taki 0-0: SINGLE (Line Drive, 9S, EV 106.3 MPH)
Batting: RHB Gashie Chimsima 0-0: Swinging Strike
0-1: Ball
1-1: Swinging Strike
1-2: Strikes out swinging
Batting: LHB Tom Bemis 0-0: Called Strike
0-1: Swinging Strike
0-2: Grounds into double play, 3-6-1 (Groundball, 34, EV 80.6 MPH)
Bottom of the 8th over - 0 runs, 1 hit, 0 errors, 0 left on base; Vancouver 7 - Mahoning Valley 0
TOP OF THE 9TH
Vancouver Canadians batting - Pitching for Mahoning Valley Scrappers : RHP Victor Amador
Now at 1B: Jeremy Givens
Pinch Hitting: RHB Joel Bender 0-0: Fly out, F8 (Flyball, 8RD, EV 93.8 MPH)
Batting: RHB Kyle Garrett 0-0: SOLO HOME RUN (Flyball, 7D, EV 98.1 MPH), Distance : 368 ft
Batting: RHB Josh Swartzentruber 0-0: Ball
1-0: Ball
2-0: Ball
3-0: Base on Balls
Pinch Hitting: RHB Corey Davis 0-0: Ball
1-0: Called Strike
Josh Swartzentruber steals 2nd base
1-1: Ground out 2-3 (Groundball, 2L, EV 65.0 MPH)
Josh Swartzentruber to third
Batting: RHB Bobby Valdez 0-0: Ball
1-0: Ground out 5-3 (Groundball, 56, EV 82.5 MPH)
Top of the 9th over - 1 run, 1 hit, 0 errors, 1 left on base; Vancouver 8 - Mahoning Valley 0
BOTTOM OF THE 9TH
Mahoning Valley Scrappers batting - Pitching for Vancouver Canadians : RHP Jai-guo Xia
Now at C: Corey Davis
Now at 1B: Jesus Prado
Batting: RHB Ricky Cordova 0-0: Ball
1-0: SINGLE (Groundball, 6S, EV 66.3 MPH) (infield hit)
Batting: RHB Juan Padilla 0-0: Grounds into double play, 6-4-3 (Groundball, 56, EV 84.4 MPH)
Batting: RHB Ryan Gautney 0-0: Foul Ball, location: 2F
0-1: Ground out 6-3 (Groundball, 6, EV 106.3 MPH)
Bottom of the 9th over - 0 runs, 1 hit, 0 errors, 0 left on base; Vancouver 8 - Mahoning Valley 0
Thursday, March 31st , 2022 - OOTP Baseball 22.12 Build 89